 Dungeon Crawl Stone Soup version 0.23-a0-143-g1adec7bb76 (webtiles) character file.

692740 PikkenKukken the Cutthroat (level 27, -5/241 HPs)
             Began as a Demonspawn Fighter on Sept 4, 2018.
             Was a Priest of Uskayaw.
             Killed by divine providence
             ... invoked by a purple draconian stormcaller
             ... summoned by a torturous corrupter
              (12 damage)
             ... on level 8 of a ziggurat.
             The game lasted 03:47:22 (65027 turns).

PikkenKukken the Cutthroat (Demonspawn Fighter)    Turns: 65027, Time: 03:47:23

Health: -5/241     AC: 35    Str: 26    XL:     27
Magic:  0/39       EV: 19    Int: 13    God:    Uskayaw [***...]
Gold:   7873       SH: 19    Dex: 26    Spells: 26/26 levels left

rFire    + + .     SeeInvis .   a - +9 rapier (elec)
rCold    + + .     Gourm    .   C - +2 shield {rF+}
rNeg     . . .     Faith    .   E - +8 gold dragon scales
rPois    +         Spirit   +   S - +2 helmet
rElec    .         Reflect  .   P - +0 cloak {MR+}
rCorr    .         Harm     .   U - +2 pair of gloves "Diumatip" {Int+4 Dex+4}
MR       +++..                  (boots unavailable)
Stlth    ..........             D - amulet of Vitality {Regen+ HP+15}
HPRegen  0.00/turn              u - ring of Dukhluen {+Blink EV+3 Slay+3}
MPRegen  0.52/turn              p - ring of Sumiypno {rC+ Str+7 Slay+4 Stlth-}

@: no status effects
A: talons 3, [blurry vision 3], deformed body, dopey 1, [frail 1], powered by
death 3, robust 1, screaming 1, shaggy fur 1, [inhibited regeneration], wild
magic 1, augmentation 3, magic shield, magic regeneration, magic link, sturdy
frame 3
}: 4/15 runes: barnacled, silver, abyssal, gossamer
a: Stomp, Line Pass, Renounce Religion, Evoke Blink


You were on level 8 of a ziggurat.
You worshipped Uskayaw.
Uskayaw was extremely pleased with you.
You were not hungry.

You visited 11 branches of the dungeon, and saw 49 of its levels.
You visited the Abyss 2 times.
You visited 1 ziggurat, and saw 8 of its levels.
You also visited: Ice Cave and Wizlab.

You collected 9617 gold pieces.
You spent 1744 gold pieces at shops.

Inventory:

Hand Weapons
 a - a +9 rapier of electrocution (weapon)
Armour
 C - a +2 shield of fire resistance (worn)
 E - +8 gold dragon scales (worn)
 P - a +0 cloak of magic resistance (worn)
 Q - +0 shadow dragon scales
 S - a +2 helmet (worn)
 U - the +2 pair of gloves "Diumatip" (worn) {Int+4 Dex+4}
   (You found it on level 2 of the Depths)

   It affects your intelligence (+4).
   It affects your dexterity (+4).
Jewellery
 i - an uncursed ring of resist corrosion
 p - the ring of Sumiypno (right hand) {rC+ Str+7 Slay+4 Stlth-}
   (You found it on level 5 of the Vaults)

   [ring of protection from cold]

   It affects your strength (+7).
   It affects your accuracy and damage with ranged weapons and melee attacks
   (+4).
   It protects you from cold.
   It makes you less stealthy.
 u - the ring of Dukhluen (left hand) {+Blink EV+3 Slay+3}
   (You found it on level 5 of the Depths)

   [ring of evasion]

   It affects your evasion (+3).
   It affects your accuracy and damage with ranged weapons and melee attacks
   (+3).
   It lets you blink.
 w - an uncursed ring of positive energy
 D - the amulet of Vitality (around neck) {Regen+ HP+15}
   (You took it off a deep elf sorcerer on level 3 of the Elven Halls)

   [amulet of regeneration]

   It affects your health (+15).
   It increases your rate of regeneration.
 I - the ring of Ompip {Wiz +Blink MR- Dex-3 Slay+5}
   (You bought it in a shop on level 2 of the Orcish Mines)

   [ring of wizardry]

   It improves your spell success rate.
   It affects your dexterity (-3).
   It affects your accuracy and damage with ranged weapons and melee attacks
   (+5).
   It affects your resistance to hostile enchantments.
   It lets you blink.
 J - an uncursed ring of see invisible
Wands
 g - a wand of iceblast (28)
 v - a wand of random effects (23)
 x - a wand of paralysis (59)
 N - a wand of clouds (6)
 R - a wand of scattershot (2)
 X - a wand of digging (27)
Scrolls
 b - 5 scrolls of blinking
 c - 12 scrolls of fear
 d - a scroll of silence
 e - 24 scrolls of teleportation
 q - 8 scrolls of enchant weapon
 r - 2 scrolls of brand weapon
 t - 24 scrolls of remove curse
 y - 3 scrolls of magic mapping
 z - 12 scrolls of amnesia
 B - 4 scrolls of fog
 T - 8 scrolls of identify
 V - 2 scrolls of enchant armour
Potions
 h - a potion of invisibility
 k - 2 potions of berserk rage
 l - 6 potions of ambrosia
 m - 2 potions of heal wounds
 n - 2 potions of cancellation
 o - 9 potions of flight
 s - a potion of agility
 F - 2 potions of resistance
 G - 2 potions of magic
 H - 10 potions of curing
 K - 6 potions of haste
 L - 5 potions of brilliance
 M - 2 potions of might
 O - 10 potions of mutation
 Z - a potion of experience
Miscellaneous
 j - 4 boxes of beasts
 Y - 3 phantom mirrors
Comestibles
 f - 71 rations
 W - 2 chunks of flesh


   Skills:
 + Level 20.5 Fighting
 * Level 25.3 Short Blades
 + Level 19.2 Armour
 - Level 10.0 Dodging
 + Level 19.1 Shields
 + Level 24.1 Invocations
 - Level 8.0 Evocations


You had 26 spell levels left.
You didn't know any spells.
Your spell library contained the following spells:

 Spells                   Type           Power        Failure   Level  Hunger
 Animate Skeleton         Necr           N/A          86%         1    ##.....
 Apportation              Tloc           #.....       86%         1    ##.....
 Beastly Appendage        Tmut           #.....       86%         1    ##.....
 Confusing Touch          Hex            #.....       86%         1    ##.....
 Corona                   Hex            #......      86%         1    ##.....
 Freeze                   Ice            #...         86%         1    ##.....
 Magic Dart               Conj           #...         86%         1    ##.....
 Pain                     Necr           #...         86%         1    ##.....
 Shock                    Conj/Air       #...         86%         1    ##.....
 Summon Butterflies       Summ           #.......     86%         1    ##.....
 Summon Small Mammal      Summ           #...         86%         1    ##.....
 Call Imp                 Summ           #.......     94%         2    ###....
 Corpse Rot               Necr           N/A          94%         2    ###....
 Ensorcelled Hibernation  Hex/Ice        #.....       94%         2    ###....
 Passwall                 Tmut/Erth      #.......     94%         2    ###....
 Poisonous Vapours        Pois/Air       #.....       94%         2    ###....
 Searing Ray              Conj           #.....       94%         2    ###....
 Shroud of Golubria       Chrm/Tloc      #.........   94%         2    ###....
 Sublimation of Blood     Necr           #.........   94%         2    ###....
 Swiftness                Chrm/Air       #.......     94%         2    ###....
 Throw Frost              Conj/Ice       #.....       94%         2    ###....
 Call Canine Familiar     Summ           #.......     99%         3    ####...
 Confuse                  Hex            #.......     99%         3    ####...
 Dazzling Spray           Conj/Hex       #.....       99%         3    ####...
 Gell's Gravitas          Tloc           #.........   99%         3    ####...
 Ignite Poison            Fire/Tmut/Pois #.......     99%         3    ####...
 Lesser Beckoning         Tloc           #.........   99%         3    ####...
 Mephitic Cloud           Conj/Pois/Air  #.......     99%         3    ####...
 Ozocubu's Armour         Chrm/Ice       #.......     99%         3    ####...
 Portal Projectile        Hex/Tloc       #.....       99%         3    ####...
 Recall                   Summ/Tloc      N/A          99%         3    ####...
 Regeneration             Chrm/Necr      #.........   99%         3    ####...
 Static Discharge         Conj/Air       #.......     99%         3    ####...
 Stone Arrow              Conj/Erth      #.....       99%         3    ####...
 Summon Guardian Golem    Hex/Summ       #.......     99%         3    ####...
 Tukima's Dance           Hex            #.......     99%         3    ####...
 Vampiric Draining        Necr           #.........   99%         3    ####...
 Airstrike                Air            #.........   100%        4    #####..
 Animate Dead             Necr           N/A          100%        4    #####..
 Force Lance              Conj/Tloc      #.......     100%        4    #####..
 Fulminant Prism          Conj/Hex       #.........   100%        4    #####..
 Iskenderun's Mystic Bla  Conj           #.......     100%        4    #####..
 Leda's Liquefaction      Hex/Erth       #.........   100%        4    #####..
 Petrify                  Tmut/Erth      #.......     100%        4    #####..
 Summon Ice Beast         Ice/Summ       #.......     100%        4    #####..
 Summon Lightning Spire   Summ/Air       #.......     100%        4    #####..
 Throw Icicle             Conj/Ice       #.......     100%        4    #####..
 Agony                    Necr           #.......     100%        5    ######.
 Alistair's Intoxication  Tmut/Pois      #.......     100%        5    ######.
 Aura of Abjuration       Summ           #.........   100%        5    ######.
 Bolt of Draining         Conj/Necr      #.........   100%        5    ######.
 Borgnjor's Vile Clutch   Necr/Erth      #.........   100%        5    ######.
 Dispel Undead            Necr           #.......     100%        5    ######.
 Excruciating Wounds      Chrm/Necr      #.........   100%        5    ######.
 Fireball                 Conj/Fire      #.........   100%        5    ######.
 Irradiate                Conj/Tmut      #.........   100%        5    ######.
 Lightning Bolt           Conj/Air       #.........   100%        5    ######.
 Metabolic Englaciation   Hex/Ice        #.........   100%        5    ######.
 Silence                  Hex/Air        #.........   100%        5    ######.
 Summon Demon             Summ           #.........   100%        5    ######.
 Summon Forest            Summ/Tloc      #.........   100%        5    ######.
 Summon Mana Viper        Hex/Summ       #.......     100%        5    ######.
 Venom Bolt               Conj/Pois      #.........   100%        5    ######.
 Yara's Violent Unravell  Hex/Tmut       #.........   100%        5    ######.
 Bolt of Cold             Conj/Ice       #.........   100%        6    #######
 Conjure Ball Lightning   Conj/Air       #.........   100%        6    #######
 Death Channel            Necr           #.........   100%        6    #######
 Deflect Missiles         Chrm/Air       #.........   100%        6    #######
 Dispersal                Tloc           #.........   100%        6    #######
 Hydra Form               Tmut           #.........   100%        6    #######
 Invisibility             Hex            #.......     100%        6    #######
 Iron Shot                Conj/Erth      #.........   100%        6    #######
 Shadow Creatures         Summ           N/A          100%        6    #######
 Simulacrum               Ice/Necr       #.........   100%        6    #######
 Ring of Flames           Chrm/Fire      #.........   100%        7    #######
 Summon Hydra             Summ           #.........   100%        7    #######
 Controlled Blink         Tloc           N/A          100%        8    #######
 Disjunction              Tloc           #.........   100%        8    #######
 Ignition                 Fire           #.........   100%        8    #######
 Necromutation            Tmut/Necr      #.........   100%        8    #######
 Shatter                  Erth           #.........   100%        9    #######
 Tornado                  Air            #.........   100%        9    #######


Dungeon Overview and Level Annotations

Branches:
Dungeon (15/15)            Temple (1/1) D:7            Lair (6/6) D:11
 Shoals (4/4) Lair:3       Spider (4/4) Lair:2        Slime (0/5) Lair:5
    Orc (2/2) D:11            Elf (3/3) Orc:2        Vaults (5/5) D:14
  Crypt (3/3) Vaults:2       Tomb (0/3) Crypt:3      Depths (5/5) D:15
    Zot (1/5) Depths:5

Altars:
Cheibriados
Dithmenos
Elyvilon
Fedhas
Gozag
Hepliaklqana
Kikubaaqudgha
Makhleb
Okawaru
Qazlal
Ru
Sif Muna
Trog
Uskayaw
Vehumet
Wu Jian
Xom
Yredelemnul
Zin
The Shining One
Beogh
Jiyva

Shops:
D:5 %   D:8 ?   D:10 :   Orc:2 =*=*(%?*   Elf:1 (   Elf:3 [   Shoals:1 [
Shoals:2 *   Vaults:2 :   Crypt:1 *   Depths:1 [

Portals:
Hell: Depths:1 Depths:2 Depths:3 Depths:4 Depths:5
Abyss: Depths:1 Depths:2 Depths:3 Depths:4
Pandemonium: Depths:3 Depths:5
Trove: D:14 (give +3 shadow dragon scales)

Annotations:
D:15 3 runed doors, MirrMurr's ghost, journeyman DsBe
Lair:5 1 runed door
Crypt:1 3 runed doors, exclusion: obsidian statue, Luroikhid's ghost, legendary GrBe


Innate Abilities, Weirdness & Mutations

You have claws for feet.
You regenerate a lot of health from kills.
Your magical and physical power is greatly enhanced at high health.
When hurt, damage is shared between your health and your magic reserves.
You regenerate magic rapidly.
When low on magic, you restore magic in place of health.
Your movements are significantly less encumbered by armour. (ER -6)
Armour fits poorly on your strangely shaped body.
You are dopey. (Int -2)
You are robust. (+10% HP)
You occasionally shout uncontrollably at your foes.
You are covered in fur. (AC +1)
Your spells are a little harder to cast, but a little more powerful.
[Scrolls take you much longer to read.]
[You are frail. (-10% HP)]
[You do not regenerate when monsters are visible.]


Message History

Found four items.
Found two gates leading back out of this place.
Found a stone staircase leading down.
You feel you are being watched by something.
You feel your power leaking away.
The torturous corrupter calls forth creatures from the Realm of Zot!
You see here a scroll of enchant weapon.
Press: ? - help, v - describe, . - travel The floor.
The purple draconian stormcaller calls down the wrath of Qazlal upon you.
Qazlal smites you!
* * * LOW HITPOINT WARNING * * *
There is a gate leading back out of this place here.
You see here a scroll of amnesia.
Are you sure you want to leave this ziggurat?
You feel you are being watched by something.
You feel your power leaking away.
The purple draconian stormcaller invokes the aid of Qazlal against you.
Qazlal smites you!
You die...

▓▓▓▓▓▓▓▓▓▓
▓.........
▓▓▓▓▓.........▓▓▓▓
▓.....#.....#.....
▓....##.....##....
▓|)...............
▓∩|.....s..s..1...
▓>?...9.6....p9..∩
▓@|..2p6q6........
▓.................
▓....##.....##....
▓.....#.....#.....
▓▓▓▓▓.........▓▓▓▓
▓.........▓
▓▓▓▓▓▓▓▓▓▓▓


You could see an emperor scorpion, a purple draconian stormcaller, a hell beast,
2 demonspawn, a war gargoyle and an ironbrand convoker.

Vanquished Creatures
  A pandemonium lord (Zig:8)
  Mennas (Crypt:1)
  2 ancient liches
  A juggernaut (Depths:4)
  Frederick (Vaults:4)
  A curse toe (Crypt:3)
  A caustic shrike (Depths:4)
  2 Killer Klowns (Zig:7)
  5 golden dragons
  5 bone dragons
  2 Tzitzimimeh (Zig:3)
  2 electric golems (Zot:1)
  A Brimstone Fiend (Depths:5)
  7 tentacled monstrosities
  9 liches
  A Hell Sentinel (Abyss:1)
  An Ice Fiend (Depths:5)
  A quicksilver dragon (Depths:4)
  A moon troll (WizLab)
  3 deep elf blademasters
  2 deep elf master archers (Elf:3)
  4 titans (Vaults:5)
  Polyphemus (Shoals:3)
  9 sphinxes
  19 tentacled starspawn
  2 Executioners (Zig:8)
  8 shadow dragons
  6 ancient champions
  Donald (Orc:2)
  8 storm dragons
  4 draconian monks (Zot:1)
  7 tengu reavers
  3 revenants
  22 fire giants
  3 orc warlords
  4 iron dragons
  5 ghost moths
  15 vault wardens
  2 draconian scorchers (Zot:1)
  7 deep elf sorcerers
  2 draconian knights
  5 draconian stormcallers
  2 emperor scorpions
  6 deep elf elementalists
  20 frost giants
  3 cacodemons
  4 balrugs
  6 curse skulls
  4 draconian shifters (Zot:1)
  Louise (Shoals:3)
  8 ghouls
  5 spriggan defenders
  29 very ugly things
  A draconian annihilator (Zot:1)
  3 war gargoyles
  9 ironheart preservers
  6 black draconians
  8 entropy weavers
  7 green draconians (Zot:1)
  22 stone giants
  4 vampire knights
  A lorocyproca (Abyss:3)
  57 starcursed masses
  10 deep elf annihilators
  11 deep elf demonologists
  7 red draconians
  7 purple draconians
  8 spark wasps
  4 yellow draconians (Zot:1)
  Nessos (D:15)
  6 deep elf death magi
  5 white draconians
  16 ettins
  8 blizzard demons
  5 merfolk javelineers
  4 eidola
  15 great orbs of eyes
  12 jiangshi
  8 merfolk impalers
  10 fire dragons
  15 ogre magi
  Josephine (Orc:2)
  6 rakshasas
  24 yaktaur captains
  12 deep elf high priests
  2 naga warriors
  10 hydras
  41 vault guards
  A hydra (shapeshifter) (Abyss:2)
  18 ice dragons
  A quicksilver dragon skeleton (Crypt:3)
  Fannar (D:11)
  A merfolk avatar (Shoals:1)
  5 spriggan air magi
  2 catoblepae
  12 centaur warriors
  3 alligator snapping turtles
  8 death knights
  4 merfolk aquamancers (Shoals:4)
  45 two-headed ogres
  2 satyrs
  4 tengu warriors
  A queen ant (Spider:2)
  5 hell hogs
  11 death yaks
  16 deep troll shamans
  28 dancing weapons
  6 spriggan berserkers
  6 vampire magi
  12 deep troll earth magi
  7 thrashing horrors
  5 orc high priests
  2 sun demons (Abyss:1)
  Sonja (Orc:2)
  25 deep elf knights
  2 soul eaters
  12 hell knights
  Nergalle (Lair:2)
  9 iron trolls
  15 wretched stars
  2 golden dragon zombies
  A fire crab (Lair:4)
  2 sixfirhies
  7 spatial maelstroms
  32 skeletal warriors
  42 deep trolls
  A quicksilver dragon simulacrum (Crypt:1)
  A death drake (shapeshifter) (D:12)
  An unseen horror (D:14)
  An orange crystal statue (WizLab)
  5 shadow wraiths
  A spark wasp zombie (Depths:2)
  12 sea snakes
  11 glowing orange brains
  11 deep elf archers
  7 flayed ghosts
  A golden dragon skeleton (Crypt:3)
  2 shadow demons (Abyss:3)
  A swamp dragon (Vaults:4)
  4 wizards
  9 necromancers
  A lindwurm (Lair:6)
  A shadow dragon zombie (Crypt:1)
  39 harpies
  16 ironbrand convokers
  41 ugly things
  18 orc knights
  An anaconda skeleton (Crypt:1)
  72 deep elf magi
  9 phantasmal warriors
  2 wolf spider zombies
  15 orb spiders
  39 wolf spiders
  2 harpies (shapeshifter) (Vaults:5)
  16 manticores
  A human zombie (Vaults:2)
  7 orc sorcerers
  15 fauns
  An oklob plant (Lair:6)
  A stone giant zombie (Zig:4)
  A cyclops (shapeshifter) (Depths:2)
  8 cyclopes
  A manticore (shapeshifter) (Zig:7)
  6 elephants
  A shadow dragon skeleton (Abyss:3)
  8 moths of wrath (Zot:1)
  9 worldbinders
  A frost giant zombie (Crypt:1)
  2 salamanders
  A moth of wrath (shapeshifter) (Depths:2)
  A fire giant zombie (Vaults:2)
  An elephant (shapeshifter) (Depths:2)
  A sphinx skeleton (Depths:2)
  A fire giant skeleton (Depths:2)
  A naga mage (D:15)
  10 merfolk sirens
  16 vault sentinels
  A toenail golem (Abyss:3)
  3 guardian serpents
  A spiny frog (shapeshifter) (Zig:7)
  A shock serpent zombie (Crypt:1)
  2 stone giant skeletons
  4 orange demons (Abyss:3)
  6 water nymphs
  7 black mambas
  3 centaur zombies
  2 molten gargoyles (Lair:6)
  An ice statue (IceCv)
  12 smoke demons
  10 spiny frogs
  4 apocalypse crabs
  2 eyes of devastation (WizLab)
  2 gargoyles
  A torpor snail (shapeshifter) (Depths:5)
  2 torpor snails
  A spriggan zombie (Zig:4)
  7 hellions
  A white draconian zombie (Abyss:2)
  A catoblepas zombie (Crypt:1)
  A kobold demonologist (D:12)
  A rime drake (shapeshifter) (Zig:6)
  A rime drake (Lair:6)
  16 freezing wraiths
  An ice devil (Zig:4)
  A sea snake zombie (Crypt:3)
  A komodo dragon (shapeshifter) (Vaults:2)
  9 komodo dragons
  2 yaktaurs (shapeshifter)
  2 hellwings
  18 demonic crawlers
  43 yaktaurs
  2 efreet (Abyss:2)
  6 ancient zymes
  A guardian mummy (Crypt:3)
  A death yak skeleton (Crypt:1)
  A red devil (Abyss:1)
  A jumping spider (shapeshifter) (Vaults:1)
  2 tengu conjurers
  4 harpy zombies
  A polar bear (shapeshifter) (Vaults:1)
  2 merfolk (shapeshifter)
  24 merfolk
  16 polar bears
  5 trolls
  37 jumping spiders
  6 wind drakes
  A wolf spider simulacrum (Vaults:1)
  A death drake skeleton (Crypt:2)
  6 meliai (D:14)
  2 harpy skeletons
  14 hornets
  13 blink frogs
  16 snapping turtles
  A bog body (Crypt:3)
  36 slime creatures
  27 raiju
  A hippogriff (shapeshifter) (D:13)
  3 slime creatures (shapeshifter)
  2 dream sheep (Shoals:2)
  A dream sheep (shapeshifter) (Elf:3)
  9 hippogriffs
  A black mamba zombie (Crypt:3)
  66 redbacks
  5 flying skulls
  5 air elementals
  34 tarantellas
  15 water elementals
  A tarantella (shapeshifter) (D:15)
  A vampire (Abyss:2)
  22 wraiths
  13 ynoxinuls
  A spriggan (shapeshifter) (Depths:1)
  4 shadows
  2 ettin skeletons
  An elf zombie (Vaults:5)
  9 wyverns
  2 ice dragon skeletons
  41 yaks
  A black mamba skeleton (Crypt:2)
  6 fire elementals
  2 yaks (shapeshifter)
  6 neqoxecs
  3 hungry ghosts
  2 golden eyes (Abyss:3)
  Grum (Lair:1)
  7 basilisks
  A steam dragon (D:12)
  8 chaos spawn
  A yaktaur simulacrum (Vaults:2)
  A human simulacrum (Vaults:2)
  A spriggan simulacrum (Depths:2)
  4 vampire mosquitoes
  14 spatial vortices
  A harpy simulacrum (D:15)
  3 wargs
  An acid dragon (Vaults:1)
  3 nagas
  A faun zombie (Crypt:1)
  3 hell hounds (Lair:6)
  4 soldier ants (Spider:2)
  5 porcupines
  A spiny frog zombie (Crypt:2)
  12 water moccasins
  3 floating eyes
  30 large abominations
  A water nymph skeleton (Crypt:2)
  A deep troll skeleton (Vaults:5)
  An infernal demonspawn skeleton (Crypt:1)
  2 hornet zombies
  A sky beast (shapeshifter) (Vaults:3)
  An eye of draining (shapeshifter) (Elf:1)
  7 eyes of draining
  3 ice beasts
  3 necrophages
  3 sky beasts
  A lindwurm zombie (Crypt:1)
  35 orc warriors
  A black bear (shapeshifter) (Elf:1)
  A phantom (D:5)
  A hog zombie (Crypt:3)
  A black bear (D:15)
  23 small abominations
  15 wolves
  A snapping turtle zombie (Abyss:3)
  11 boggarts
  36 ogres
  36 centaurs
  15 crocodiles
  A big kobold (D:9)
  21 bullfrogs
  2 hippogriff zombies (Shoals:1)
  2 draconian skeletons
  A salamander skeleton (Crypt:3)
  An ogre simulacrum (Vaults:1)
  3 earth elementals
  A water moccasin zombie (D:9)
  5 scorpions
  An elf simulacrum (Vaults:5)
  3 killer bees (D:11)
  20 wights
  A raiju skeleton (Crypt:2)
  5 howler monkeys
  15 crimson imps
  3 quasits
  5 lava snakes (Lair:6)
  5 iron imps
  A bullfrog skeleton (D:5)
  17 orc priests
  A gnoll shaman (D:7)
  3 hounds
  3 jellies
  18 orc wizards
  4 centaur skeletons
  An iguana (D:9)
  6 lightning spires (Abyss:3)
  33 worker ants
  A deep dwarf zombie (Crypt:3)
  A tengu zombie (Crypt:2)
  A big kobold skeleton (Crypt:1)
  A deep dwarf skeleton (Crypt:1)
  3 hound skeletons
  12 mummies (Crypt:3)
  2 worker ant zombies
  4 gnolls (D:7)
  12 adders
  A swamp drake zombie (Crypt:2)
  5 shadow imps
  15 white imps
  5 ufetubi
  An ooze (D:5)
  2 adder zombies
  An adder skeleton (D:5)
  3 worms
  A dart slug (D:4)
  4 leopard geckos
  74 orcs
  2 ball pythons
  10 bats
  4 giant cockroaches (D:1)
  4 goblins
  6 hobgoblins
  7 jackals
  11 kobolds
  6 quokkas
  3 frilled lizards
  A goblin zombie (Crypt:3)
  A jackal skeleton (D:7)
  A quokka skeleton (D:5)
  8 rats
  A spectral orc (D:6)
  A butterfly (Lair:3)
  A crawling corpse (Vaults:5)
  A lurking horror (Abyss:2)
  26 starspawn tentacles
2817 creatures vanquished.

Vanquished Creatures (others)
  A fire giant (Vaults:5)
  A frost giant (Depths:3)
  A yaktaur captain (Vaults:1)
  A vault guard (Vaults:5)
  A two-headed ogre (Vaults:3)
  A phantasmal warrior (Vaults:5)
  2 deep elf magi
  A cyclops (Vaults:1)
  An eye of devastation (WizLab)
  2 yaktaurs
  A small abomination (Abyss:1)
  A water elemental (Elf:3)
  A human (shapeshifter) (Vaults:4)
  3 wolves (IceCv)
  6 centaurs
  A crimson imp (Depths:5)
  An orc priest (Vaults:5)
  An orc wizard (D:11)
  A white imp (Depths:5)
  An ufetubus (Abyss:3)
  2 demonic plants
  A fungus (Lair:4)
  2 lurking horrors
  24 plants
  34 starspawn tentacles
92 creatures vanquished.

Grand Total: 2909 creatures vanquished

Notes
Turn   | Place    | Note
-------+----------+-------------------------------------------
     0 | D:1      | PikkenKukken the Demonspawn Fighter began the quest for the
                  | Orb.
     0 | D:1      | Reached XP level 1. HP: 18/18 MP: 1/1
   105 | D:1      | Reached skill level 2 in Short Blades
   254 | D:1      | Gained mutation: You have sharp toenails. [demonic
                  | ancestry]
   254 | D:1      | Reached XP level 2. HP: 24/24 MP: 2/2
   854 | D:2      | Reached XP level 3. HP: 29/29 MP: 3/3
  1611 | D:3      | Reached skill level 1 in Dodging
  1621 | D:3      | Gained mutation: When hurt, damage is shared between your
                  | health and your magic reserves. [demonic ancestry]
  1621 | D:3      | Reached XP level 4. HP: 27/35 MP: 4/4
  2621 | D:4      | Noticed a fire elemental
  2623 | D:4      | Found a stormy altar of Qazlal.
  2760 | D:4      | Reached skill level 3 in Short Blades
  2775 | D:4      | Found a glowing silver altar of Zin.
  2798 | D:4      | Noticed an ogre
  2805 | D:4      | Killed an ogre
  2805 | D:4      | Gained mutation: You regenerate a little health from kills.
                  | [demonic ancestry]
  2805 | D:4      | Reached XP level 5. HP: 33/42 MP: 3/5
  2876 | D:4      | Noticed an air elemental
  2879 | D:4      | Noticed a water elemental
  3133 | D:5      | Entered Level 5 of the Dungeon
  3196 | D:5      | Got a vibrating lead ring
  3197 | D:5      | Identified the ring "Luoxtant" {+Fly rPois rN+ Str+4} (You
                  | found it on level 5 of the Dungeon)
  3204 | D:5      | Found an opulent altar of Gozag.
  3223 | D:5      | Reached XP level 6. HP: 38/48 MP: 4/6
  3280 | D:5      | Found Kalegen's Food Shop.
  3332 | D:5      | Reached skill level 4 in Short Blades
  3474 | D:5      | Noticed a sky beast
  3498 | D:5      | Killed a sky beast
  3498 | D:5      | Gained mutation: You have razor-sharp toenails. [demonic
                  | ancestry]
  3498 | D:5      | Reached XP level 7. HP: 30/54 MP: 4/7
  3820 | D:5      | Reached skill level 5 in Short Blades
  4259 | D:6      | Gained mutation: You have claws for feet. [demonic
                  | ancestry]
  4259 | D:6      | Reached XP level 8. HP: 38/61 MP: 6/8
  4370 | D:6      | Found a basalt altar of Yredelemnul.
  4457 | D:6      | Found a white marble altar of Elyvilon.
  4807 | D:7      | Found a staircase to the Ecumenical Temple.
  4819 | Temple   | Entered the Ecumenical Temple
  4825 | Temple   | Became a worshipper of Uskayaw the Reveler
  4834 | D:7      | Reached * piety under Uskayaw
  4836 | D:7      | Reached skill level 5 in Fighting
  4877 | D:7      | Noticed a hippogriff
  4882 | D:7      | Reached ** piety under Uskayaw
  4890 | D:7      | Killed a hippogriff
  5053 | D:7      | Reached skill level 6 in Short Blades
  5053 | D:7      | Reached *** piety under Uskayaw
  5063 | D:7      | Noticed a hippogriff
  5082 | D:7      | Reached **** piety under Uskayaw
  5104 | D:7      | Reached skill level 5 in Shields
  5105 | D:7      | Reached skill level 5 in Armour
  5107 | D:7      | Killed a hippogriff
  5107 | D:7      | Gained mutation: Your movements are slightly less
                  | encumbered by armour. (ER -2) [demonic ancestry]
  5107 | D:7      | Reached XP level 9. HP: 51/68 MP: 3/9
  6098 | D:8      | Found Fagak's Magic Scroll Shoppe.
  6106 | D:8      | Gained mutation: Your mind is acute. (Int +2) [potion of
                  | mutation]
  6106 | D:8      | Gained mutation: [Scrolls take you a little longer to
                  | read.] [potion of mutation]
  6106 | D:8      | Gained mutation: Your movements are less encumbered by
                  | armour. (ER -4) [potion of mutation]
  6107 | D:8      | Lost mutation: Your mind is acute. (Int +2) [potion of
                  | mutation]
  6107 | D:8      | Lost mutation: [Scrolls take you a little longer to read.]
                  | [potion of mutation]
  6107 | D:8      | Gained mutation: Potions are less effective at restoring
                  | your health. [potion of mutation]
  6107 | D:8      | Gained mutation: Your flesh is cold resistant. (rC+)
                  | [potion of mutation]
  6107 | D:8      | Gained mutation: Your movements are significantly less
                  | encumbered by armour. (ER -6) [potion of mutation]
  6143 | D:8      | Reached skill level 7 in Short Blades
  6154 | D:8      | Noticed a two-headed ogre
  6161 | D:8      | Killed a two-headed ogre
  6515 | D:8      | Reached skill level 5 in Dodging
  6764 | D:8      | Reached skill level 8 in Short Blades
  6764 | D:8      | Gained mutation: You regenerate magic rapidly. [demonic
                  | ancestry]
  6764 | D:8      | Reached XP level 10. HP: 69/77 MP: 8/10
  7620 | D:9      | Reached skill level 1 in Invocations
  7714 | D:9      | Found a snail-covered altar of Cheibriados.
  7983 | D:10     | Entered Level 10 of the Dungeon
  8111 | D:10     | Found Savemo's Book Boutique.
  8135 | D:10     | Noticed a two-headed ogre
  8149 | D:10     | Killed a two-headed ogre
  8149 | D:10     | Reached skill level 1 in Evocations
  8661 | D:11     | Found a staircase to the Orcish Mines.
  8720 | D:11     | Noticed a red ugly thing
  8732 | D:11     | Killed a red ugly thing
  8732 | D:11     | Reached skill level 9 in Short Blades
  8891 | D:11     | Found a staircase to the Lair.
  8913 | D:11     | Reached ***** piety under Uskayaw
  8921 | D:11     | Reached ****** piety under Uskayaw
  8928 | D:11     | Reached skill level 5 in Invocations
  8930 | D:11     | Gained mutation: You regenerate health from kills. [demonic
                  | ancestry]
  8930 | D:11     | Reached XP level 11. HP: 84/84 MP: 12/14
  9076 | D:11     | Found a blossoming altar of Fedhas.
  9160 | D:11     | Noticed Fannar
  9168 | D:11     | Killed Fannar
  9283 | D:11     | Noticed a two-headed ogre
  9292 | D:11     | Killed a two-headed ogre
  9771 | Lair:1   | Entered Level 1 of the Lair of Beasts
  9771 | Lair:1   | Noticed Grum
  9863 | Lair:1   | Killed Grum
 10168 | Lair:1   | Noticed a four-headed hydra
 10176 | Lair:1   | Killed a four-headed hydra
 10176 | Lair:1   | Reached skill level 10 in Short Blades
 10661 | Lair:2   | Noticed Nergalle
 11004 | Lair:2   | Found a hole to the Spider Nest.
 11036 | Lair:2   | Gained mutation: Your magical and physical power is
                  | slightly enhanced at high health. [demonic ancestry]
 11036 | Lair:2   | Reached XP level 12. HP: 94/94 MP: 16/16
 11118 | Lair:2   | Killed Nergalle
 11120 | Lair:2   | Noticed a six-headed hydra
 11132 | Lair:2   | Killed a six-headed hydra
 11198 | Lair:2   | Reached skill level 5 in Evocations
 11594 | Lair:3   | Noticed a four-headed hydra
 11603 | Lair:3   | Killed a four-headed hydra
 11941 | Lair:3   | Reached skill level 11 in Short Blades
 12283 | Lair:3   | Found a staircase to the Shoals.
 12771 | Lair:3   | Noticed a seven-headed hydra
 12776 | Lair:3   | Killed a seven-headed hydra
 13431 | Lair:4   | Noticed a catoblepas
 13450 | Lair:4   | Killed a catoblepas
 13556 | Lair:4   | Mutation became permanent: Your movements are less
                  | encumbered by armour. (ER -4) [demonic ancestry]
 13556 | Lair:4   | Gained mutation: Your movements are significantly less
                  | encumbered by armour. (ER -6) [demonic ancestry]
 13556 | Lair:4   | Reached XP level 13. HP: 93/101 MP: 18/18
 13820 | Lair:5   | Found a runed door.
 13822 | Lair:5   | Found a viscous altar of Jiyva.
 13823 | Lair:5   | Found a staircase to the Slime Pits.
 14523 | Orc:1    | Entered Level 1 of the Orcish Mines
 15035 | Orc:2    | Entered Level 2 of the Orcish Mines
 15035 | Orc:2    | Found Waewonoq's Food Shoppe.
 15041 | Orc:2    | Noticed Josephine
 15049 | Orc:2    | Reached skill level 12 in Short Blades
 15051 | Orc:2    | Killed Josephine
 15098 | Orc:2    | Noticed Donald
 15425 | Orc:2    | Killed Donald
 15534 | Orc:2    | Found Zedgh's Weapon Emporium.
 15571 | Orc:2    | Noticed Sonja
 15592 | Orc:2    | Killed Sonja
 15910 | Orc:1    | Reached skill level 10 in Fighting
 16055 | Orc:2    | Paralysed by an orc sorcerer for 4 turns
 16348 | Orc:2    | Found Goequzur's Assorted Antiques.
 16348 | Orc:2    | Found Urieddir's Jewellery Emporium.
 16351 | Orc:2    | Found Riafapipp's Jewellery Shop.
 16359 | Orc:2    | Found Esaschush's Assorted Antiques.
 16522 | Orc:2    | Found Lecwouz's Assorted Antiques.
 16532 | Orc:2    | Bought a scroll of identify for 52 gold pieces
 16532 | Orc:2    | Bought a scroll of identify for 52 gold pieces
 16535 | Orc:2    | Found a staircase to the Elven Halls.
 16535 | Orc:2    | Found Soeleir's Magic Scroll Emporium.
 16808 | Lair:6   | Entered Level 6 of the Lair of Beasts
 16825 | Lair:6   | Found a frozen archway.
 16834 | IceCv    | Entered an ice cave
 17205 | IceCv    | Mutation became permanent: Your movements are less
                  | encumbered by armour. (ER -4) [demonic ancestry]
 17205 | IceCv    | Gained mutation: Your movements are significantly less
                  | encumbered by armour. (ER -6) [demonic ancestry]
 17205 | IceCv    | Reached XP level 14. HP: 106/110 MP: 20/20
 17474 | IceCv    | Noticed a frost giant
 17499 | IceCv    | Killed a frost giant
 17773 | Orc:2    | Bought the ring of Ompip {Wiz +Blink MR- Dex-3 Slay+5} for
                  | 926 gold pieces
 18259 | Lair:6   | Reached skill level 13 in Short Blades
 18628 | Lair:6   | Got a smoking scale mail
 18639 | Lair:6   | Identified the +5 scale mail of Negligence {rC+ Str+2 Int+3
                  | Stlth-} (You found it on level 6 of the Lair of Beasts)
 19074 | Lair:6   | Reached skill level 10 in Invocations
 19074 | Lair:6   | Reached skill level 10 in Armour
 19075 | Lair:6   | Reached skill level 10 in Shields
 19480 | Lair:6   | Found a large runed door.
 19552 | Lair:6   | Found a large runed door.
 19833 | D:8      | Bought a scroll of acquirement for 624 gold pieces
 19833 | D:8      | Bought a scroll of enchant weapon for 90 gold pieces
 21056 | D:13     | Noticed a fire giant
 21061 | D:13     | Noticed a stone giant
 21062 | D:13     | Reached XP level 15. HP: 115/115 MP: 22/22
 21067 | D:13     | Killed a fire giant
 21092 | D:13     | Found the +8 glaive of the Guard {elec, +Rage AC+5 SInv}
 21759 | Spider:1 | Entered Level 1 of the Spider Nest
 22007 | Spider:1 | Reached skill level 14 in Short Blades
 22315 | Spider:1 | Got a twitching glass ring
 22317 | Spider:1 | Identified the ring "Noeqiof" {+Blink Dex+5} (You found it
                  | on level 1 of the Spider Nest)
 22763 | Spider:1 | Found a roughly hewn altar of Beogh.
 22790 | Spider:1 | Found the +8 longbow "Zephyr" {speed, Dex+3 SInv}
 23549 | Spider:2 | Reached XP level 16. HP: 124/127 MP: 24/24
 24223 | Shoals:1 | Entered Level 1 of the Shoals
 24283 | Shoals:1 | Found Jacatare's Armour Emporium.
 25563 | Shoals:2 | Found Qiegregeps's Assorted Antiques.
 25718 | Shoals:2 | Reached skill level 15 in Short Blades
 26896 | Spider:3 | Found the +10 zealot's sword {holy, *Rage rN+ EV+3}
 27363 | Spider:4 | Entered Level 4 of the Spider Nest
 28411 | Spider:4 | Reached XP level 17. HP: 131/135 MP: 26/26
 29621 | Spider:4 | Got a gossamer rune of Zot
 30015 | Elf:1    | Entered Level 1 of the Elven Halls
 30102 | Elf:1    | Found Iruhosed's Weapon Emporium.
 30179 | Elf:1    | Reached skill level 10 in Dodging
 30516 | Elf:1    | Identified the Reference Book on Combat Magic
 30827 | Elf:2    | Cast into level 2 of the Abyss (a deep elf sorcerer)
 30878 | Abyss:2  | Reached skill level 16 in Short Blades
 31100 | Abyss:2  | Found a hazy altar of Hepliaklqana.
 31126 | Abyss:2  | Gained mutation: [You are frail. (-10% HP)] [a neqoxec]
 31127 | Abyss:2  | Gained mutation: [Scrolls take you a little longer to
                  | read.] [a neqoxec]
 31458 | Abyss:2  | Noticed a Hell Sentinel
 31522 | Elf:2    | Escaped the Abyss
 31937 | Elf:2    | Gained mutation: You regenerate a lot of health from kills.
                  | [demonic ancestry]
 31937 | Elf:2    | Reached XP level 18. HP: 109/128 MP: 24/28
 32324 | Elf:2    | Found a huge runed gate.
 32324 | Elf:2    | Found a huge runed gate.
 32324 | Elf:2    | Found a huge runed gate.
 32324 | Elf:2    | Found a huge runed gate.
 32325 | Elf:2    | Found a huge runed gate.
 33311 | D:14     | Found a gate to the Vaults.
 33697 | D:14     | Found an opulent altar of Gozag.
 33754 | D:14     | Found a glowing silver altar of Zin.
 33784 | D:14     | Lost mutation: Your flesh is cold resistant. (rC+) [potion
                  | of mutation]
 33784 | D:14     | Lost mutation: [Scrolls take you a little longer to read.]
                  | [potion of mutation]
 33784 | D:14     | Lost mutation: Potions are less effective at restoring your
                  | health. [potion of mutation]
 33784 | D:14     | Lost mutation: [You are frail. (-10% HP)] [potion of
                  | mutation]
 33784 | D:14     | Gained mutation: Armour fits poorly on your strangely
                  | shaped body. [potion of mutation]
 33784 | D:14     | Gained mutation: You are robust. (+10% HP) [potion of
                  | mutation]
 33784 | D:14     | Gained mutation: Your spells are a little harder to cast,
                  | but a little more powerful. [potion of mutation]
 33784 | D:14     | Gained mutation: You are covered in fur. (AC +1) [potion of
                  | mutation]
 33816 | D:14     | Found a portal to a secret trove of treasure.
 34162 | D:15     | Entered Level 15 of the Dungeon
 34249 | D:15     | Found a staircase to the Depths.
 34256 | D:15     | Reached skill level 17 in Short Blades
 34307 | D:15     | Found a shadowy altar of Dithmenos.
 34360 | D:15     | Found a runed gate.
 34360 | D:15     | Found a runed gate.
 34363 | D:15     | Found a runed gate.
 34364 | D:15     | Noticed MirrMurr's ghost (journeyman DsBe)
 34389 | D:15     | Noticed Nessos
 34394 | D:15     | Killed Nessos
 34664 | D:15     | Reached skill level 15 in Invocations
 35042 | Vaults:1 | Entered Level 1 of the Vaults
 35111 | Vaults:1 | Gained mutation: When low on magic, you restore magic in
                  | place of health. [demonic ancestry]
 35111 | Vaults:1 | Reached XP level 19. HP: 109/166 MP: 17/30
 36899 | Vaults:2 | Got a warped helmet
 36910 | Vaults:2 | Identified the cursed +0 helmet of the Vestibule of Hell
                  | {+Blink} (You found it on level 2 of the Vaults)
 37247 | Vaults:2 | Reached skill level 18 in Short Blades
 37389 | Vaults:2 | Found Vunwu's Book Emporium.
 37500 | Vaults:2 | Found a staircase to the Crypt.
 37500 | Vaults:2 | Found a basalt altar of Yredelemnul.
 37501 | Vaults:2 | Found an ancient bone altar of Kikubaaqudgha.
 38688 | Shoals:3 | Gained mutation: Your magical and physical power is
                  | enhanced at high health. [demonic ancestry]
 38688 | Shoals:3 | Reached XP level 20. HP: 143/176 MP: 32/32
 38770 | Shoals:3 | Noticed Louise
 38829 | Shoals:3 | Killed Louise
 39109 | Shoals:3 | Noticed Polyphemus
 39158 | Shoals:3 | Killed Polyphemus
 39527 | Shoals:4 | Entered Level 4 of the Shoals
 40227 | Shoals:4 | Got a barnacled rune of Zot
 40565 | Shoals:4 | Identified the Incunabulum of Battle Magic
 40980 | Elf:3    | Entered Level 3 of the Elven Halls
 41030 | Elf:3    | Reached skill level 15 in Fighting
 41388 | Elf:3    | Found Fitetug's Antique Armour Emporium.
 43003 | Elf:3    | Reached skill level 19 in Short Blades
 44020 | Elf:3    | Reached XP level 21. HP: 184/184 MP: 33/33
 44022 | Elf:3    | Got a vibrating glass ring
 44168 | Elf:3    | Identified the ring of Nutzitrae {*Contam EV+4 Str+8 Dex+4}
                  | (You took it off a deep elf sorcerer on level 3 of the
                  | Elven Halls)
 44229 | Elf:3    | Got a jacinth-studded chain mail
 44240 | Elf:3    | Identified the +1 chain mail of the Arcane {Int+5 Dex+4}
                  | (You found it on level 3 of the Elven Halls)
 45958 | Vaults:4 | Paralysed by a hornet for 3 turns
 46707 | Vaults:4 | Noticed Frederick
 46715 | Vaults:4 | Killed Frederick
 46715 | Vaults:4 | Reached XP level 22. HP: 195/195 MP: 35/35
 47108 | Vaults:4 | Reached skill level 20 in Short Blades
 47179 | Vaults:4 | Reached skill level 15 in Armour
 47640 | Depths:1 | Entered Level 1 of the Depths
 47670 | Depths:1 | Reached skill level 15 in Shields
 47712 | Depths:1 | Found a gateway to Hell.
 48268 | Depths:1 | Found Mubbetol's Antique Armour Emporium.
 48301 | Depths:1 | Found a one-way gate to the infinite horrors of the Abyss.
 49621 | Depths:2 | Got a pair of crude gloves
 49643 | Depths:2 | Identified the +2 pair of gloves "Diumatip" {Int+4 Dex+4}
                  | (You found it on level 2 of the Depths)
 49891 | Depths:2 | Found a gateway to a ziggurat.
 50010 | Depths:2 | Reached XP level 23. HP: 195/204 MP: 32/36
 50321 | Depths:3 | Got a faintly glowing amber ring
 50323 | Depths:3 | Identified the ring "Xocvoh" {Wiz -Tele rPois Str+5} (You
                  | found it on level 3 of the Depths)
 50409 | Depths:3 | Paralysed by a floating eye for 3 turns
 50428 | Depths:3 | Found a one-way gate leading to the halls of Pandemonium.
 50674 | Depths:3 | Reached skill level 21 in Short Blades
 50934 | Depths:3 | Got a clouded glass ring
 50935 | Depths:3 | Identified the ring of Music {MR+ Int+3} (You found it on
                  | level 3 of the Depths)
 51065 | Depths:3 | Got a pitted iron ring
 51067 | Depths:3 | Identified the cursed ring of Truth {rPois AC-5 Str+3
                  | Dex-5} (You found it on level 3 of the Depths)
 51142 | Depths:3 | Found a burning altar of Makhleb.
 51233 | Depths:4 | Got a coiled silver ring
 51234 | Depths:4 | Identified the ring "Juasufysoa" {+Fly rF+ Stlth+} (You
                  | found it on level 4 of the Depths)
 51300 | Depths:4 | Noticed a caustic shrike
 51304 | Depths:4 | Killed a caustic shrike
 51346 | Depths:4 | Noticed a juggernaut
 51360 | Depths:4 | Killed a juggernaut
 51451 | Depths:4 | Identified Jogom's Collected Works on Earthen Enhancements
 51454 | Depths:4 | Got a spiked chain mail
 51465 | Depths:4 | Identified the +1 chain mail of Repulsion {rF+ rN+} (You
                  | found it on level 4 of the Depths)
 51518 | Depths:4 | Gained mutation: Your magical and physical power is greatly
                  | enhanced at high health. [demonic ancestry]
 51518 | Depths:4 | Reached XP level 24. HP: 207/209 MP: 35/37
 51682 | Depths:4 | Found a bloodstained altar of Trog.
 51688 | Depths:4 | Found a glowing silver altar of Zin.
 51688 | Depths:4 | Found a shimmering altar of Xom.
 51688 | Depths:4 | Found a shimmering altar of Xom.
 52312 | Depths:5 | Entered Level 5 of the Depths
 52386 | Depths:5 | Found a gate to the Realm of Zot.
 52394 | Depths:5 | Paralysed by a vampire knight for 3 turns
 52560 | Depths:5 | Found a magical portal.
 52631 | WizLab   | Entered Lehudib's Moon Base
 52662 | WizLab   | Reached skill level 22 in Short Blades
 53115 | WizLab   | Gained mutation: You occasionally shout uncontrollably at
                  | your foes. [a neqoxec]
 53142 | WizLab   | Found a transporter.
 53489 | WizLab   | Got a wavering granite ring
 53490 | WizLab   | Identified the ring of Hiquzogag {rF+ Str+6} (You found it
                  | in a wizard's laboratory)
 53994 | WizLab   | Found a transporter.
 54475 | Depths:5 | Got a translucent turquoise ring
 54476 | Depths:5 | Identified the ring of Cisiuf {MR+ Stlth+} (You took it off
                  | a crimson imp on level 5 of the Depths)
 54521 | Depths:5 | Found the +3 hat of Pondering {ponderous, MR+ MP+10 Int+5}
 54532 | Depths:5 | Got a glittering copper ring
 54554 | Depths:5 | Identified the ring of Dukhluen {+Blink EV+3 Slay+3} (You
                  | found it on level 5 of the Depths)
 54655 | Depths:5 | Reached XP level 25. HP: 224/224 MP: 36/37
 55208 | Crypt:1  | Entered Level 1 of the Crypt
 55322 | Crypt:1  | Noticed Mennas
 55328 | Crypt:1  | Killed Mennas
 55391 | Crypt:1  | Found a runed gate.
 55392 | Crypt:1  | Found a runed gate.
 55392 | Crypt:1  | Found an opulent altar of Gozag.
 55394 | Crypt:1  | Found a runed gate.
 55398 | Crypt:1  | Found Tezariobb's Assorted Antiques.
 55398 | Crypt:1  | Noticed Luroikhid's ghost (legendary GrBe)
 57005 | Vaults:5 | Entered Level 5 of the Vaults
 57115 | Vaults:5 | Reached skill level 23 in Short Blades
 57297 | Vaults:5 | Reached XP level 26. HP: 234/234 MP: 37/37
 58270 | Vaults:5 | Noticed an ancient lich
 58281 | Vaults:5 | Killed an ancient lich
 58629 | Vaults:5 | Got a silver rune of Zot
 58710 | Vaults:5 | Got a flickering granite ring
 58717 | Vaults:5 | Identified the ring of Sumiypno {rC+ Str+7 Slay+4 Stlth-}
                  | (You found it on level 5 of the Vaults)
 58785 | Vaults:5 | Gained mutation: You are dopey. (Int -2) [mutagenic glow]
 59005 | Crypt:3  | Entered Level 3 of the Crypt
 59398 | Crypt:3  | Noticed an ancient lich
 59400 | Crypt:3  | Killed an ancient lich
 59438 | Crypt:3  | Identified Eqokhih's Almanac of Stolen Souls
 59443 | Crypt:3  | Got a glittering platinum ring
 59443 | Crypt:3  | Got a wavering jade ring
 59447 | Crypt:3  | Got a scorched scale mail
 59449 | Crypt:3  | Got a serpentine steel ring
 59454 | Crypt:3  | Identified the cursed +1 scale mail of Absolutism {rCorr
                  | Str+3} (You found it on level 3 of the Crypt)
 59455 | Crypt:3  | Identified the ring of Ipyrul {rN+ Int+3} (You found it on
                  | level 3 of the Crypt)
 59456 | Crypt:3  | Identified the ring of Vanity {rPois rN+} (You found it on
                  | level 3 of the Crypt)
 59457 | Crypt:3  | Identified the ring "Xinukk" {Ice +Blink Int+4} (You found
                  | it on level 3 of the Crypt)
 59485 | Crypt:3  | Got a slimy iron ring
 59515 | Crypt:3  | Reached skill level 24 in Short Blades
 59883 | Crypt:3  | Found a staircase to the Tomb.
 60281 | Depths:1 | Voluntarily entered the Abyss.
 60319 | Abyss:1  | Found a corrupted altar of Lugonu.
 60450 | Abyss:1  | Found a corrupted altar of Lugonu.
 60505 | Abyss:1  | Found a corrupted altar of Lugonu.
 61077 | Abyss:1  | Reached XP level 27. HP: 244/244 MP: 38/38
 61227 | Abyss:1  | Found a corrupted altar of Lugonu.
 62072 | Abyss:3  | Found a corrupted altar of Lugonu.
 62264 | Abyss:3  | Found a deep blue altar of Sif Muna.
 62474 | Abyss:3  | Found a corrupted altar of Lugonu.
 62845 | Abyss:3  | Identified the ring "Bynyusip" {rC- rN+ Str-3 Int+8 SInv}
                  | (You took it off a skeletal warrior on level 3 of the
                  | Crypt)
 63092 | Abyss:3  | Got an abyssal rune of Zot
 63223 | Depths:1 | Escaped the Abyss
 63332 | Zot:1    | Entered Level 1 of the Realm of Zot
 63853 | Zot:1    | Reached skill level 25 in Short Blades
 64368 | Zig:1    | Entered Level 1 of a ziggurat
 64372 | Zig:1    | Paralysed by a floating eye for 3 turns
 64389 | Zig:2    | Entered Level 2 of a ziggurat
 64416 | Zig:3    | Entered Level 3 of a ziggurat
 64666 | Zig:4    | Entered Level 4 of a ziggurat
 64670 | Zig:4    | Found the +3 robe of Clouds {+Fly rElec}
 64724 | Zig:5    | Entered Level 5 of a ziggurat
 64762 | Zig:5    | Paralysed by accursed screaming for 1 turns
 64800 | Zig:6    | Entered Level 6 of a ziggurat
 64844 | Zig:6    | Identified the Volume of Supportive Poisoning
 64859 | Zig:7    | Entered Level 7 of a ziggurat
 64929 | Zig:7    | Identified the Collected Works on the Escort
 64932 | Zig:7    | Identified the Guide on Virous Shape Shifting
 64965 | Zig:8    | Entered Level 8 of a ziggurat
 64981 | Zig:8    | Noticed Xotiddat the pandemonium lord
 65002 | Zig:8    | HP: 6/218 [Xotiddat the pandemonium lord (13)]
 65014 | Zig:8    | HP: 4/218 [Xotiddat the pandemonium lord (14)]
 65020 | Zig:8    | Killed Xotiddat the pandemonium lord
 65023 | Zig:8    | Found the ring of Phasing {EV+8}
 65026 | Zig:8    | HP: 7/241 [purple draconian stormcaller/divine providence[a
                  | torturous corrupter] (12)]
 65027 | Zig:8    | Killed from afar by a purple draconian stormcaller

Vault maps used:
D:1:      mushboom_english_gardens
D:3:      serial_bayou_lake_a
D:4:      nicolae_qazlal_style_of_elements, overflow_temple_1_default,
          minmay_misc_feat_encased, abandoned_shop, minmay_cupped
D:5:      lemuel_round_altar, first_ration, serial_shops, shop_fountains
D:6:      elyvilon_altar_5, yredelemnul_forgotten_temple_becter
D:7:      minmay_temple_entry_statues_fountains, serial_co_window_serial,
          co_window_corner_a, co_window_paths_b, co_window_corner_a,
          co_window_paths_a, co_window_paths_a, co_window_cross_2,
          co_window_unsneaky_path_b, co_window_unsneaky_path_d,
          co_window_broadway_c, co_window_broadway_c,
          co_window_of_opportunity_c, glass_columns_c, glass_columns_a,
          glass_columns_a, grunt_ogre_cave, minmay_bent
D:8:      serial_shops, shop_fountains
D:9:      lemuel_round_altar
D:10:     serial_shops, shop
D:11:     lair_entry_dummy, orc_0_dummy, basic_altar, uniq_fannar
D:12:     lab_entry_generic
D:13:     minmay_guarded_unrand_guard
D:14:     david_vaults_4, nicolae_gozag_seed_capital, basic_altar, enter_trove_5
D:15:     grunt_enter_depths_magical_seal, gammafunk_ghost_split,
          grunt_decor_cap, basic_altar, uniq_nessos
Temple:   nicolae_temple_x_marks_the_god
Lair:1:   minmay_holes, lemuel_fruit_fields, uniq_grum
Lair:2:   dummy_spider_entry, minivault_19, nzn_random_ring, lemuel_fruit_tree,
          uniq_nergalle
Lair:3:   minmay_shoals_entry_hut, grunt_megastairs_4, lemuel_fruit_fields
Lair:5:   slime_altar_2
Lair:6:   cheibrodos_lair_end_hotspot, portal_ice_cave_entry_pillars_2
Shoals:1: serial_shops, nicolae_shop_crystal, nicolae_shoals_undead_eyrie
Shoals:2: serial_shops, shop
Shoals:3: uniq_polyphemus, uniq_louise
Shoals:4: shoals_end_simple
Spider:1: nicolae_spider_mines_2
Spider:2: minmay_another_anthill, nicolae_spider_cling_ruins
Spider:4: grunt_spider_rune_parallel, guppyfry_spider_mini_1
Orc:2:    st_orc_elflike, serial_shops, shop, shop_statue, shop,
          nicolae_shop_waterfront, uniq_sonja, uniq_josephine, uniq_donald
Elf:1:    serial_shops, shop, minmay_elf_annihilation
Elf:2:    minivault_4, hex_large, kennysheep_underground_church
Elf:3:    grunt_elf_hall_diamonds, serial_shops, shop
Vaults:1: st_squares, grunt_vaults_twisty, vaults_mumra_lcd,
          vaults_mumra_minichess, grunt_vaults_hallway_long,
          dpeg_vaults_monster_box, v_alt_pattern_6, vaults_room_corners
Vaults:2: nicolae_vaults_alarming, minmay_crypt_entry_necro_gods,
          hangedman_vaults_hard_town_square, hangedman_vaults_capsules,
          hangedman_vaults_stream, hangedman_vaults_slither,
          nicolae_vaults_mini_display_case, vaults_room_corners,
          vaults_dpeg_encased_lava, nicolae_vaults_gold_heap, serial_shops,
          shop_fountains
Vaults:3: hangedman_vaults_hat, vaults_standard_mumra_enter_the_diamond,
          vaults_room_glass_cross, nicolae_vaults_yaktaur_gun_rack,
          hangedman_vaults_variations, nicolae_vaults_little_squares_2,
          nicolae_vaults_little_squares_1, grunt_vaults_hallway_short
Vaults:4: nicolae_vaults_twisting_passages, hangedman_vaults_locks,
          vaults_room_pool, st_greater_box_4,
          nicolae_vaults_stairing_the_circle, ontoclasm_vaults_misaligned,
          ontoclasm_vaults_ring_small, v_rooms_2, grunt_vaults_bifocal,
          vaults_room_fours, uniq_frederick
Crypt:1:  ebering_ghost_gozag, uniq_mennas
Crypt:2:  palyth_stone_intersect
Crypt:3:  david_glass_crypt, nicolae_tomb_entry_unfolded_pyramid_diagonal
Depths:1: kennysheep_cluttered_room, serial_shops, kennysheep_little_box,
          abyss_entry_crystal, hell_entry, minivault_10, dispersion_dpeg
Depths:2: grunt_x_marks_the_spot, enter_ziggurat_d, hell_entry,
          minmay_misc_feat_five, abyss_entry, minmay_door_square
Depths:3: hangedman_spin_cycle, hell_entry, abyss_entry, pan_entry
Depths:4: minmay_the_grid_octo_2x2, hell_entry, abyss_entry, minmay_orc_keep,
          grunt_megastairs_2
Depths:5: grunt_zot_entry_alcove, pf_vacation_house_of_asmodeus,
          minmay_misc_feat_diagonals, lightli_enter_wizlab_magi_temple,
          pan_entry, minmay_fire_ice_demons
Abyss:1:  evilmike_abyss_exit_14
Abyss:2:  hangedman_abyss_feature_spike
Abyss:3:  hangedman_decor_points, evilmike_abyss_exit_16, bh_abyss_exit_spiral
IceCv:    ice_cave_caverns_02
WizLab:   wizlab_lehudib

Skill      XL: |  1  2  3  4  5  6  7  8  9 10 11 12 13 14 15 16 17 18 19 20 21 22 23 24 25 26 27 |
---------------+----------------------------------------------------------------------------------+-----
Short Blades   | 2 3 4 5 6 8 9 10 11 12 13 14 15 16 17 18 19 20 21 22 23 24 25 | 25.3
Armour         | 3 4 5 6 7 8 9 10 11 12 13 14 15 16 17 18 19 | 19.2
Shields        | 3 4 5 6 7 8 9 10 11 12 13 14 15 16 17 18 19 | 19.1
Dodging        | 1 2 3 4 5 6 7 8 9 10 | 10.0
Fighting       | 4 5 6 7 8 9 10 11 12 13 14 15 16 17 18 19 20 | 20.5
Invocations    | 5 6 7 9 10 11 12 14 15 16 17 18 19 20 21 22 24 | 24.1
Evocations     | 2 4 6 7 8 |  8.0

Action                   |  1- 3 |  4- 6 |  7- 9 | 10-12 | 13-15 | 16-18 | 19-21 | 22-24 | 25-27 || total
-------------------------+-------+-------+-------+-------+-------+-------+-------+-------+-------++-------
Melee: Rapier            |   126 |   105 |   264 |   757 |  1041 |  1501 |  1461 |  1288 |  1891 ||  8434
       Kick              |    24 |    37 |   102 |   372 |   416 |   575 |   566 |   668 |  1142 ||  3902
Invok: Stomp             |       |       |     3 |     6 |    26 |    20 |     2 |     5 |       ||    62
       Line Pass         |       |       |     1 |     1 |     1 |     1 |     2 |     2 |     7 ||    15
       Grand Finale      |       |       |       |     1 |       |       |     1 |     9 |    17 ||    28
 Abil: Evoke Blink       |       |       |       |       |       |     3 |       |     4 |     6 ||    13
Evoke: Wand              |       |       |       |     5 |     2 |     5 |     5 |     5 |    10 ||    32
  Use: Scroll            |     5 |     5 |     4 |     7 |    16 |    10 |    20 |    25 |    15 ||   107
       Potion            |       |     1 |     3 |     1 |     2 |     4 |     3 |    11 |    12 ||    37
 Stab: Paralysed         |       |       |     8 |    42 |    66 |    84 |   135 |   126 |   139 ||   600
       Confused          |       |       |       |     2 |       |       |     1 |       |     6 ||     9
       Invisible         |       |       |       |       |     3 |       |       |       |       ||     3
       Distracted        |       |       |       |       |       |       |       |       |     4 ||     4
  Eat: Chunk             |     2 |     6 |    11 |    16 |    34 |    27 |    16 |    13 |     9 ||   134
       Ration            |       |       |     1 |     3 |     1 |     4 |     7 |     6 |    13 ||    35
Armor: Scale mail        |    32 |       |       |       |       |       |       |       |       ||    32
       Chain mail        |    23 |    45 |    97 |       |   328 |   635 |   217 |       |       ||  1345
       Plate armour      |       |       |     2 |   249 |    69 |       |   109 |   164 |       ||   593
       Skin              |       |       |       |       |       |       |       |     6 |       ||     6
       Gold dragon scale |       |       |       |       |       |       |       |   151 |   406 ||   557
       Robe              |       |       |       |       |       |       |       |       |     7 ||     7
Dodge: Dodged            |    30 |    19 |    64 |   236 |   408 |   640 |   453 |   389 |   653 ||  2892
Block: Shield            |    56 |    43 |   105 |   398 |   538 |   815 |   678 |   534 |   956 ||  4123
       Reflection        |       |       |       |       |    25 |    73 |    73 |    26 |    18 ||   215

Table legend:
 A = Non-vault XP
 B = Vault XP
 C = Vault XP percentage of total XP
 D = Non-vault monster count
 E = Vault monster count
 F = Vault count percentage of total count
                 A         B        C        D         E       F
            +---------+---------+-------+---------+---------+-------
      Total |  966181 |  802519 |  45.4 |    1872 |     923 |  33.0
            +---------+---------+-------+---------+---------+-------
        D:1 |      38 |       0 |   0.0 |      22 |       0 |   0.0
        D:2 |      41 |       0 |   0.0 |      14 |       0 |   0.0
        D:3 |      67 |       0 |   0.0 |      15 |       0 |   0.0
        D:4 |      28 |     173 |  86.1 |       3 |       5 |  62.5
        D:5 |     913 |       0 |   0.0 |      28 |       0 |   0.0
        D:6 |     469 |       1 |   0.2 |      15 |       1 |   6.2
        D:7 |    1358 |     427 |  23.9 |      23 |       5 |  17.9
        D:8 |    2207 |       0 |   0.0 |      18 |       0 |   0.0
        D:9 |    1598 |       0 |   0.0 |      32 |       0 |   0.0
       D:10 |    1377 |       0 |   0.0 |      17 |       0 |   0.0
       D:11 |    5554 |    1295 |  18.9 |      40 |       4 |   9.1
       D:12 |    8113 |       0 |   0.0 |      39 |       0 |   0.0
       D:13 |    5365 |    7972 |  59.8 |      23 |      11 |  32.4
       D:14 |   12488 |    4419 |  26.1 |      51 |       6 |  10.5
       D:15 |   22528 |    8040 |  26.3 |      63 |      10 |  13.7
     Lair:1 |    2465 |     187 |   7.1 |       9 |       1 |  10.0
     Lair:2 |    6995 |    4179 |  37.4 |      24 |      11 |  31.4
     Lair:3 |    6189 |    1364 |  18.1 |      18 |       3 |  14.3
     Lair:4 |    6033 |       0 |   0.0 |      20 |       0 |   0.0
     Lair:5 |    3430 |       0 |   0.0 |      12 |       0 |   0.0
     Lair:6 |   13284 |    8086 |  37.8 |      25 |      26 |  51.0
   Shoals:1 |   14042 |    1115 |   7.4 |      30 |       5 |  14.3
   Shoals:2 |   20447 |     880 |   4.1 |      39 |       1 |   2.5
   Shoals:3 |   12996 |    5652 |  30.3 |      27 |       4 |  12.9
   Shoals:4 |   16918 |   21915 |  56.4 |      34 |      38 |  52.8
   Spider:1 |   17138 |    2988 |  14.8 |      49 |       4 |   7.5
   Spider:2 |   15725 |    3622 |  18.7 |      46 |      29 |  38.7
   Spider:3 |    9757 |    2761 |  22.1 |      31 |       4 |  11.4
   Spider:4 |    6308 |   25416 |  80.1 |      20 |      56 |  73.7
      Orc:1 |    2931 |    5902 |  66.8 |      33 |      13 |  28.3
      Orc:2 |    1137 |    7034 |  86.1 |      10 |      20 |  66.7
      Elf:1 |   14980 |    5490 |  26.8 |      25 |       8 |  24.2
      Elf:2 |   20761 |   31720 |  60.4 |      31 |      37 |  54.4
      Elf:3 |   14911 |   45862 |  75.5 |      27 |      32 |  54.2
   Vaults:1 |   24813 |   21825 |  46.8 |      51 |      29 |  36.2
   Vaults:2 |   32568 |   25235 |  43.7 |      64 |      36 |  36.0
   Vaults:3 |   25144 |   17163 |  40.6 |      41 |      20 |  32.8
   Vaults:4 |   21533 |   63720 |  74.7 |      30 |      51 |  63.0
   Vaults:5 |   29735 |  142894 |  82.8 |      49 |     100 |  67.1
    Crypt:1 |   51543 |    8226 |  13.8 |      70 |       1 |   1.4
    Crypt:2 |   11233 |       0 |   0.0 |      21 |       0 |   0.0
    Crypt:3 |   31764 |   34058 |  51.7 |      36 |      28 |  43.8
   Depths:1 |   37968 |    4543 |  10.7 |      44 |       4 |   8.3
   Depths:2 |   56734 |   34449 |  37.8 |      66 |      35 |  34.7
   Depths:3 |       0 |   83190 | 100.0 |       0 |      90 | 100.0
   Depths:4 |   33548 |   55526 |  62.3 |      45 |      33 |  42.3
   Depths:5 |   39322 |   34862 |  47.0 |      37 |      39 |  51.3
      Zot:1 |   98346 |       0 |   0.0 |      64 |       0 |   0.0
    Abyss:1 |   44793 |    2016 |   4.3 |      80 |       4 |   4.8
    Abyss:2 |   50456 |       0 |   0.0 |     108 |       0 |   0.0
    Abyss:3 |   46271 |   12494 |  21.3 |      96 |      30 |  23.8
      Zig:1 |     397 |       0 |   0.0 |       2 |       0 |   0.0
      Zig:2 |    1978 |       0 |   0.0 |       3 |       0 |   0.0
      Zig:3 |    7103 |       0 |   0.0 |       2 |       0 |   0.0
      Zig:4 |    5108 |       0 |   0.0 |       5 |       0 |   0.0
      Zig:5 |    3944 |       0 |   0.0 |      11 |       0 |   0.0
      Zig:6 |    5877 |       0 |   0.0 |      10 |       0 |   0.0
      Zig:7 |   13179 |       0 |   0.0 |      10 |       0 |   0.0
      Zig:8 |   21802 |       0 |   0.0 |       6 |       0 |   0.0
      IceCv |       0 |   13306 | 100.0 |       0 |      48 | 100.0
     WizLab |    2431 |   52512 |  95.6 |       8 |      41 |  83.7
            +---------+---------+-------+---------+---------+-------
